 Dungeon Crawl Stone Soup version 0.30.0-5-g1a98f26d00 (webtiles) character file.

Game seed: 17366140514283878504

6367 FrenchFrogFromFrance the Cleaver (level 10, -7/91 HPs)
             Began as a Minotaur Berserker on May 8, 2023.
             Was a High Priest of Trog.
             Mangled by a cane toad (12 damage)
             ... on level 1 of the Lair of Beasts.
             The game lasted 00:12:13 (10297 turns).

FrenchFrogFromFrance the Cleaver (MiBe)            Turns: 10297, Time: 00:12:16

Health: -7/91      AC: 20    Str: 26    XL:     10   Next: 65%
Magic:  9/9        EV: 10    Int:  4    God:    Trog [*****.]
Gold:   332        SH:  4    Dex: 10    Spells: 9/9 levels left

rFire   . . .        a - +0 hand axe
rCold   . . .        q - +0 buckler
rNeg    . . .        x - +0 storm dragon scales
rPois   .            L - +1 hat
rElec   +            (no cloak)
rCorr   +            u - +0 pair of gloves
SInv    .            i - +2 pair of boots
Will    +....        (no amulet) Stlth
                     p - ring of willpower
HPRegen 0.35/turn    y - ring of resist corrosion
MPRegen 0.11/turn

%: no passive effects
@: lethally poisoned (-7 -> -20)
A: horns 2, retaliatory headbutt
a: Renounce Religion, Berserk, Trog's Hand, Brothers in Arms


You were on level 1 of the Lair of Beasts.
You worshipped Trog.
Trog was extremely pleased with you.
You visited 2 branches of the dungeon, and saw 9 of its levels.

You collected 332 gold pieces.

Inventory:

Hand Weapons
 a - a +0 hand axe (weapon)
 K - a +0 battleaxe
Missiles
 b - 3 throwing nets (quivered)
Armour
 i - a +2 pair of boots (worn)
 q - a +0 buckler (worn)
 u - a +0 pair of gloves (worn)
 x - +0 storm dragon scales (worn)
 L - a +1 hat (worn)
Jewellery
 p - a ring of willpower (left hand)
 y - a ring of resist corrosion (right hand)
 E - the amulet of Paranoia {Spirit Rampage rElec Str-5 Stlth+}
   (You found it on level 7 of the Dungeon)

   [amulet of guardian spirit]

   It causes incoming damage to be divided between your reserves of health and
   magic.
   Str:       It affects your strength (-5).
   rElec:     It insulates you from electricity.
   Rampage:   It bestows one free step when moving towards enemies.
   Stlth:     It makes you more stealthy.
Wands
 D - a wand of polymorph (8)
 G - a wand of mindburst (13)
Scrolls
 c - 4 scrolls of enchant armour {unknown}
 d - 2 scrolls of teleportation {unknown}
 h - 3 scrolls of noise {unknown}
 l - 2 scrolls of enchant weapon {unknown}
 n - 8 scrolls of identify {unknown}
 o - 3 scrolls of immolation {unknown}
 s - 2 scrolls of fear {unknown}
 t - a scroll of silence {unknown}
 z - a scroll of magic mapping {unknown}
 A - a scroll of vulnerability {unknown}
 B - a scroll of blinking {unknown}
 C - 2 scrolls of poison {unknown}
 I - a scroll of butterflies {unknown}
 J - a scroll of torment {unknown}
Potions
 e - 5 potions of attraction {unknown}
 f - a potion of flight {unknown}
 g - 3 potions of heal wounds {unknown}
 j - 3 potions of degeneration {unknown}
 k - 3 potions of curing {unknown}
 m - 3 potions of brilliance {unknown}
 r - 2 potions of lignification {unknown}
 v - 2 potions of might {unknown}
 w - 2 potions of berserk rage {unknown}
 F - a potion of ambrosia {unknown}
 H - a potion of mutation {unknown}


   Skills:
 + Level 9.2 Fighting
 + Level 13.0 Axes
 + Level 10.5 Armour
 + Level 4.5 Dodging
 + Level 0.8 Stealth
 + Level 4.2 Shields


You had 9 spell levels left.
You didn't know any spells.
Your spell library was empty.

Dungeon Overview and Level Annotations

Branches:
Dungeon (8/15)             Temple (0/1) D:6            Lair (1/5) D:8

Altars:
Ashenzari
Elyvilon
Fedhas
Makhleb
Nemelex Xobeh
Okawaru
Trog
Uskayaw
Vehumet
Wu Jian
Xom
Zin
The Shining One


Innate Abilities, Weirdness & Mutations

You have a pair of horns on your head.
You reflexively headbutt those who attack you in melee.


Message History

The water moccasin completely misses you.
You furiously retaliate!
You headbutt the water moccasin! You hit the water moccasin.
The water moccasin is severely wounded.
You hit the water moccasin. You hit the cane toad but do no damage.
You feel sick.
The water moccasin bites you but does no damage. x2
You hit the water moccasin but do no damage.
Your headbutt misses the water moccasin.
The water moccasin is severely wounded.
You completely miss the water moccasin. You hit the cane toad.
You feel sick. The water moccasin barely misses you.
The cane toad barely misses you.
The water moccasin bites you but does no damage.
Unknown command.
Unknown command.
You hit the water moccasin.
Your headbutt misses the water moccasin.
The water moccasin is severely wounded.
You closely miss the cane toad. You slash the water moccasin!
You feel sick. You block the water moccasin's attack. The cane toad stings you!
* * * LOW HITPOINT WARNING * * *
You are lethally poisoned!
The cane toad poisons you!
The water moccasin bites you but does no damage.
Unknown command.
You hit the cane toad.
The cane toad is almost dead.
You miss the water moccasin. You hit the water moccasin.
* * * LOW HITPOINT WARNING * * *
You feel very sick.
The water moccasin bites you but does no damage.
The cane toad stings you but does no damage.
You block the water moccasin's attack.
You barely miss the water moccasin.
The water moccasin is severely wounded.
You slash the water moccasin! You completely miss the cane toad.
* * * LOW HITPOINT WARNING * * *
You feel very sick. The water moccasin closely misses you.
The cane toad stings you!
You die...

...# #.# ...... .#.
.....####.. ...... ...
............ #.....
$...P...#....... .....
.#.....##...... ... ..#
##.##......
#.##..###..........
#.####SS.##.......#.....
......F@.....##.....###.
?#######.....##.....####
#...#..##[#..#.#..
#..###............ ####
##..)..###.#. #######
#### #


You could see a cane toad and 2 water moccasins.

Vanquished Creatures
  A komodo dragon (Lair:1)
  A polar bear (Lair:1)
  A hornet (D:8)
  14 yaks
  A wyvern (D:8)
  A basilisk (Lair:1)
  A steam dragon (D:6)
  Edmund (D:6)
  3 water moccasins
  3 ice beasts
  3 ogres (D:6)
  2 phantoms
  5 bullfrogs
  A gnoll sergeant (D:8)
  4 scorpions
  5 wights (D:7)
  3 killer bees (D:6)
  3 electric eels (D:8)
  6 orc priests
  5 jellies
  2 hounds
  2 iguanas
  A gnoll bouda (D:4)
  A sleepcap (D:7)
  4 orc wizards
  Robin (D:3)
  12 gnolls
  13 adders
  2 shadow imps
  A white imp (D:7)
  An ufetubus (D:6)
  5 worms
  4 dart slugs
  26 orcs
  2 bats (D:2)
  8 endoplasms
  16 goblins
  16 hobgoblins
  6 kobolds
  6 quokkas
  12 ball pythons
  3 frilled lizards
  A goblin zombie (D:8)
  2 rats
211 creatures vanquished.

Notes
Turn   | Place    | Note
-------+----------+-------------------------------------------
     0 | D:1      | FrenchFrogFromFrance the Minotaur Berserker began the quest
                  | for the Orb.
     0 | D:1      | Reached XP level 1. HP: 19/19 MP: 0/0
   328 | D:1      | Reached XP level 2. HP: 26/27 MP: 1/1
   339 | D:1      | Reached skill level 4 in Axes
   360 | D:1      | Found a faded altar of an unknown god.
   946 | D:2      | Noticed a phantom
   956 | D:2      | Killed a phantom
   957 | D:2      | Reached skill level 5 in Axes
   957 | D:2      | Reached XP level 3. HP: 29/34 MP: 2/2
   957 | D:2      | Reached XP level 4. HP: 35/41 MP: 3/3
  1206 | D:2      | Reached ** piety under Trog
  1475 | D:2      | Reached XP level 5. HP: 47/47 MP: 4/4
  2062 | D:3      | Reached skill level 5 in Fighting
  2194 | D:3      | Reached skill level 6 in Axes
  2576 | D:3      | Noticed Robin
  2608 | D:3      | Killed Robin
  2737 | D:3      | Found a burning altar of Makhleb.
  2739 | D:3      | Noticed a balrug
  2743 | D:3      | Noticed a hellwing
  2743 | D:3      | Noticed a neqoxec
  2835 | D:3      | Found a glowing silver altar of Zin.
  2843 | D:3      | Found a broken altar of Ashenzari.
  2846 | D:3      | Found a bloodstained altar of Trog.
  2846 | D:3      | Found a radiant altar of Vehumet.
  2856 | D:3      | Found a glowing golden altar of the Shining One.
  2982 | D:3      | Found a sparkling altar of Nemelex Xobeh.
  3148 | D:3      | Reached XP level 6. HP: 56/56 MP: 5/5
  3158 | D:3      | Reached *** piety under Trog
  4652 | D:5      | Entered Level 5 of the Dungeon
  4655 | D:5      | Noticed a water moccasin
  4668 | D:5      | Killed a water moccasin
  4669 | D:5      | Reached skill level 7 in Axes
  4669 | D:5      | Reached skill level 5 in Armour
  4669 | D:5      | Reached XP level 7. HP: 32/61 MP: 6/6
  4787 | D:5      | Reached skill level 1 in Shields
  5102 | D:5      | Reached **** piety under Trog
  5161 | D:5      | Reached skill level 8 in Axes
  5327 | D:5      | Reached XP level 8. HP: 55/70 MP: 7/7
  5382 | D:5      | Found an iron altar of Okawaru.
  5382 | D:5      | Found a white marble altar of Elyvilon.
  5383 | D:5      | Found an ornate altar of the Wu Jian Council.
  6077 | D:6      | Noticed Edmund
  6091 | D:6      | Killed Edmund
  6094 | D:6      | Reached skill level 9 in Axes
  6229 | D:6      | Found a staircase to the Ecumenical Temple.
  6241 | D:6      | Reached skill level 10 in Axes
  6437 | D:6      | Reached XP level 9. HP: 78/78 MP: 8/8
  6563 | D:6      | Identified the +3 chain mail of Kleptomania {Drain rF++
                  | Str+4}
  7049 | D:7      | Found a shimmering altar of Xom.
  7157 | D:7      | Reached skill level 11 in Axes
  7479 | D:7      | Found a hide-covered altar of Uskayaw.
  7575 | D:7      | Identified the amulet of Paranoia {Spirit Rampage rElec
                  | Str-5 Stlth+}
  8568 | D:8      | Found a staircase to the Lair.
  8702 | D:8      | Paralysed by a hornet for 1 turns
  8824 | D:8      | Reached XP level 10. HP: 67/88 MP: 9/9
  8848 | D:8      | Reached skill level 12 in Axes
  9049 | D:8      | Found a sand-covered staircase.
  9266 | D:8      | Found a blossoming altar of Fedhas.
  9389 | Lair:1   | Entered Level 1 of the Lair of Beasts
  9578 | Lair:1   | Reached skill level 10 in Armour
 10235 | Lair:1   | Reached skill level 13 in Axes
 10249 | Lair:1   | Reached ***** piety under Trog
 10282 | Lair:1   | Noticed a cane toad
 10297 | Lair:1   | Mangled by a cane toad

Illustrated notes

Levels and vault maps discovered:
D:1:      ebering_hopf_link, layout_loops_corners,
          hellmonk_ecumenical_altar_arch_garden, minmay_tromino_v2
D:2:      layout_basic, hangedman_feature_mirror, minmay_puff
D:3:      cheibrodos_old_hovel, layout_loops_corners, makhleb_altar_promises_db,
          nemelex_spade_bored_becter, nicolae_overflow_hallway_of_the_gods,
          uniq_robin
D:4:      layout_gridville
D:5:      layout_cave_pools, gammafunk_temple_overflow_claw, sigmund_army
D:6:      layout_gridville, minmay_temple_entry_waves, uniq_edmund
D:7:      layout_basic, overflow_temple_1_default, mainiacjoe_overflow_24_doors
D:8:      layout_cave_pools, mainiacjoe_overflow_alcove_4, lair_entry_dummy,
          enter_ossuary_3, serial_bayou_lagoon_a
Lair:1:   layout_misc_corridors

Skill      XL: |  1  2  3  4  5  6  7  8  9 10 |
---------------+-------------------------------+-----
Fighting       | 4 5 6 8 9 |  9.2
Axes           | 5 6 7 8 10 11 13 | 13.0
Armour         | 3 5 7 9 10 | 10.5
Dodging        | 3 4 |  4.5
Shields        | 1 2 3 4 |  4.2
Stealth        | |  0.8

Action                     |  1- 3 |  4- 6 |  7- 9 | 10-12 || total
---------------------------+-------+-------+-------+-------++-------
  Melee: Hand axe          |    38 |   234 |   323 |   185 ||   780
         Headbutt          |     4 |    38 |    53 |    51 ||   146
         Punch             |       |     1 |       |       ||     1
 Invoke: Berserk           |       |     1 |     2 |       ||     3
   Stab: Sleeping          |     1 |       |       |       ||     1
 Armour: Plate armour      |     8 |   134 |       |       ||   142
         Animal skin       |     3 |       |       |       ||     3
         Storm dragon scal |       |    20 |   182 |    81 ||   283
  Dodge: Dodged            |    24 |    87 |   111 |    55 ||   277
  Block: Buckler           |       |    18 |    35 |    23 ||    76
